 Dungeon Sprint DCSS version 0.26-a0-712-ga5a9c9c9d0 (webtiles) character file.

Game seed: 7507985098824740112

6 tsouns the Firebug (level 1, 0/15 HPs)
             Began as a Demonspawn Fire Elementalist on Nov 9, 2020.
             Slain by a shadow imp (6 damage)
             ... in the Dungeon (Sprint IX: "|||||||||||||||||||||||||||||").
             The game lasted 00:01:30 (140 turns).

tsouns the Firebug (Demonspawn Fire Elementalist)    Turns: 140, Time: 00:01:30

Health: 0/15       AC:  2    Str:  8    XL:     1   Next: 75%
Magic:  1/3        EV: 12    Int: 16    God:
Gold:   0          SH:  0    Dex: 13    Spells: 3/4 levels left

rFire    . . .     SeeInvis .   b - +0 short sword
rCold    . . .     Faith    .   (no shield)
rNeg     . . .     Spirit   .   a - +0 robe
rPois    .         Reflect  .   (no helmet)
rElec    .         Harm     .   (no cloak)
rCorr    .         Rampage  .   (no gloves)
MR       .....     NoTele   +   (no boots)
Stlth    ++........             (no amulet)
HPRegen  0.05/turn              (no ring)
MPRegen  0.08/turn              (no ring)

@: hasted, very quick
A: no striking features
a: no special abilities


You were in the Dungeon.
You visited 1 branch

Inventory:

Hand Weapons
 b - a +0 short sword (weapon)
Armour
 a - a +0 robe (worn)
Scrolls
 h - a scroll of blinking
Potions
 c - a potion of curing
 d - a potion of heal wounds
 f - 2 potions of magic


   Skills:
 + Level 1.2 Fighting
 + Level 0.0 Short Blades
 - Level 1.7 Dodging
 + Level 2.3 Stealth
 + Level 2.4 Spellcasting
 + Level 1.7 Conjurations
 + Level 3.1 Fire Magic


You had 3 spell levels left.
You knew the following spells:

 Your Spells              Type           Power        Failure   Level
a - Foxfire               Conj/Fire      #...         8%          1

Your spell library contained the following spells:

 Spells                   Type           Power        Failure   Level
 Conjure Flame            Conj/Fire      #.......     22%         3
 Inner Flame              Hex/Fire       #.......     32%         3
 Sticky Flame             Conj/Fire      #.......     58%         4
 Fireball                 Conj/Fire      #.........   90%         5


Dungeon Overview and Level Annotations

Branches:
Dungeon (1/1)

Altars:


Message History

The shadow imp is moderately wounded.
You barely miss the shadow imp.
The shadow imp is moderately wounded.
The shadow imp shouts, "Repent, thou mangled motley-minded pumpion!"
The shadow imp hits you.
You barely miss the shadow imp.
The shadow imp is moderately wounded.
The shadow imp hits you.
You hit the shadow imp.
The shadow imp is heavily wounded.
You hit the shadow imp but do no damage.
The shadow imp is heavily wounded.
The shadow imp barely misses you.
You barely miss the shadow imp.
The shadow imp is heavily wounded.
The shadow imp closely misses you.
You closely miss the shadow imp.
The shadow imp is heavily wounded.
The shadow imp hits you.
You die...

▓▓▓
▓<▓
▓)▓
▓)▓
▓@▓
▓5▓
▓O▓
▓Z▓
▓Z▓
▓Z▓
▓.▓
▓'▓
▓.▓


You could see an ogre, a shadow imp, a bat zombie, an adder skeleton and a
quokka skeleton.

Vanquished Creatures
  2 bats (D)
  A goblin (D)
  A hobgoblin (D)
  A kobold (D)
5 creatures vanquished.

Vanquished Creatures (others)
  3 foxfires (D)
3 creatures vanquished.

Grand Total: 8 creatures vanquished

Notes
Turn   | Place    | Note
-------+----------+-------------------------------------------
     0 | D        | tsouns the Demonspawn Fire Elementalist began the quest for
                  | the Orb.
     0 | D        | Reached XP level 1. HP: 13/13 MP: 3/3
    24 | D        | Reached skill level 1 in Fighting
    24 | D        | Reached skill level 3 in Fire Magic
   123 | D        | Noticed an ogre
   140 | D        | Slain by a shadow imp

Illustrated notes

Levels and vault maps discovered:
D:        linesprint [early_d, line_temple, items_1, d_10, items_2, lair_1,
          lair_end, items_3, orc_1, orc_end, items_4, d_15, swamp_1, shoals_1,
          snake_1, spider_1, d_20, vaults_1, items_5, swamp_end, shoals_end,
          snake_end, spider_end, vaults_end, d_27, items_6, zot_1, zot_end,
          crypt_end, forest_end, elf_end, slime_end, tomb_end, abyss_end,
          pan_hell_end]

Skill      XL: |  1 |
---------------+----+-----
Stealth        | 2 |  2.3
Fighting       | 1 |  1.2
Fire Magic     | 3 |  3.1
Dodging        | |  1.7
Spellcasting   | |  2.4
Conjurations   | |  1.7

Action                   || total
-------------------------++-------
Melee: Unarmed           ||    16
       Short sword       ||     7
 Cast: Foxfire           ||     9
  Use: Potion            ||     2
Armor: Robe              ||     5
Dodge: Dodged            ||    16

Table legend: (Time is in decaauts)
 A = Elapsed time spent in this place.
 B = Non-inter-level travel time spent in this place.
 C = Inter-level travel time spent in this place.
 D = Time resting spent in this place.
 E = Time spent auto-exploring this place.
 F = Levels seen in this place.
 G = Mean time per level.
                   A        B        C        D        E       F      G
               +--------+--------+--------+--------+--------+-----+--------+
         Total |    145 |    145 |      0 |     83 |      0 |   1 |  145.0 |
       Dungeon |    145 |    145 |      0 |     83 |      0 |   1 |  145.0 |
               +--------+--------+--------+--------+--------+-----+--------+

Top non-repeatable levels by time:
       D: 145 daAuts
